[Event "Late-Titled-Tuesday-Blitz-June-25-2024"]
[Site "Chess.com"]
[Date "2024.06.25"]
[Round "1"]
[White "zverr1"]
[Black "elizabethcastaneda"]
[Result "1-0"]
[WhiteElo "2563"]
[BlackElo "2176"]
[TimeControl "180+1"]
[EndTime "14:06:21 PDT"]
[Termination "zverr1 won by resignation"]

1. e4 c5 2. Nf3 d6 3. Nc3 Nf6 4. e5 dxe5 5. Nxe5 g6 6. Bc4 e6 7. Qf3 Bg7 8. Bb5+ Nbd7 9. Bxd7+ Bxd7 10. Qxb7 O-O 11. Nxd7 Nxd7 12. O-O Ne5 13. d3 Qh4 14. Qe4 Qh5 15. h3 Rad8 16. Qe2 Qf5 17. Be3 c4 18. dxc4 Rc8 19. c5 Rb8 20. Rab1 Rb4 21. a3 Rh4 22. f4 Nc6 23. Qf2 Rh6 24. Nb5 e5 25. Nd6 Qe6 26. f5 gxf5 27. Bxh6 Qxh6 28. Nxf5 Qg6 29. Nxg7 Kxg7 30. Qf5 Qg3 31. Rf3 1-0

[Event "Late-Titled-Tuesday-Blitz-June-25-2024"]
[Site "Chess.com"]
[Date "2024.06.25"]
[Round "1"]
[White "Shahdad2007"]
[Black "LUISMIGUELOV"]
[Result "1-0"]
[WhiteElo "2587"]
[BlackElo "2227"]
[TimeControl "180+1"]
[EndTime "14:06:25 PDT"]
[Termination "Shahdad2007 won by checkmate"]

1. e4 c6 2. Nc3 d5 3. Nf3 Bg4 4. h3 Bxf3 5. Qxf3 e6 6. d4 Nf6 7. Bd3 dxe4 8. Nxe4 Nxe4 9. Qxe4 Nd7 10. c3 Nf6 11.
Qe2 Bd6 12. O-O h6 13. f4 O-O 14. f5 exf5 15. Bxf5 Re8 16. Qf3 Re7 17. Bd3 Re6 18. Bd2 Qc7 19. Bc4 Ne4 20. Bxh6 Bh2+ 21. Kh1 Ng3+ 22. Kxh2 Nxf1+ 23. Kg1 Qh2+ 24. Kxf1 Rf6 25.
Be3 Rxf3+ 26. gxf3 Qxh3+ 27. Ke2 Re8 28. Rf1 Qg2+ 29.
Rf2 Qh1 30. Kd2 Qb1 31. b4 Qb2+ 32. Kd3 Qa1 33. Re2 Qd1+ 34. Rd2 Qf1+ 35. Re2 Rxe3+ 36. Kxe3 Qc1+ 37. Kd3 Qb1+ 38. Kd2 Qb2+ 39. Kd3 Qb1+ 40. Ke3 b5 41. Bb3 Qc1+ 42. Kd3 Qb1+ 43. Bc2 Qxa2 44. Kd2 Qd5 45. Re8# 1-0

[Event "Late-Titled-Tuesday-Blitz-June-25-2024"]
[Site "Chess.com"]
[Date "2024.06.25"]
[Round "1"]
[White "DryCounty"]
[Black "Beaterawn"]
[Result "1/2-1/2"]
[WhiteElo "2665"]
[BlackElo "2399"]
[TimeControl "180+1"]
[EndTime "14:06:26 PDT"]
[Termination "Game drawn by agreement"]

1. e4 c5 2. Nf3 e6 3. d4 cxd4 4.
Nxd4 a6 5. Nc3 Qc7 6. g3 Nf6 7. Bg2 Bb4 8. O-O Bxc3 9. bxc3 O-O 10. Ba3 Re8 11. e5 Qxe5 12. Nf3 Qxc3 13. Bd6 Nc6 14. Re1 b5 15. Re3 Qa5 16. Qd2 Qxd2 17. Nxd2 Bb7 18. Nb3 Nd8 19. Nc5 Bxg2 20. Kxg2 Ra7 21.
a4 Nb7 22. Rd3 Nxd6 23. Rxd6 Rc8 24. Rxa6 Rxa6 25. Nxa6 bxa4 26. Nb4 Ra8 27. c4 Kf8 28. Ra3 Rc8 29. Rxa4 Rxc4 30. Ra8+ Ke7 31. Nd3 Rc7 32. h3 Nd5 33. Rh8 h6 34. Rg8 Kf6 35. Rd8 Ne7 36. Ra8 d5 37. Nf4 g6 38. Rd8 h5 39. g4 hxg4 40. hxg4 Nc6 41. Rxd5 g5 42. Nh5+ Kg6 43. Rc5 f5 1/2-1/2

[Event "Late-Titled-Tuesday-Blitz-June-25-2024"]
[Site "Chess.com"]
[Date "2024.06.25"]
[Round "1"]
[White "Root_21"]
[Black "AlphaPerseii"]
[Result "1-0"]
[WhiteElo "2659"]
[BlackElo "2379"]
[TimeControl "180+1"]
[EndTime "14:06:26 PDT"]
[Termination "Root_21 won by resignation"]

1. Nf3 d5 2. g3 Nf6 3. Bg2 c5 4. O-O e6 5. d4 cxd4 6. Nxd4 e5 7. Nb3 Nc6 8. Bg5 Be6 9. Nc3 e4 10. Nd4 h6 11. Be3 Nxd4 12. Bxd4 Be7 13. Qd2 O-O 14. Rfd1 Ne8 15. Be3 Nf6 16. Nb5 Qd7 17. Nd4 Bh3 18. Rac1 Rac8 19. Nb3 Bxg2 20. Kxg2 b5 21. c3 Rfd8 22.
Qd4 a6 23. Ra1 Ng4 24. h3 Rc4 25. Qd2 Ne5 26. Na5 Rcc8 27. Qd4 Qe6 28. a4 Bf6 29. Qb6 Rd6 30. Qb7 bxa4 31. Rxa4 Nd7 32. Qxc8+ 1-0

[Event "Late-Titled-Tuesday-Blitz-June-25-2024"]
[Site "Chess.com"]
[Date "2024.06.25"]
[Round "1"]
[White "joksijoksi"]
[Black "Fandorine"]
[Result "0-1"]
[WhiteElo "2499"]
[BlackElo "2911"]
[TimeControl "180+1"]
[EndTime "14:06:27 PDT"]
[Termination "Fandorine won by resignation"]

1. d4 Nf6 2. c4 g6 3. Nc3 Bg7 4. e4 d6 5. Be2 e5 6. d5 a5 7. Be3 Na6 8. g4 h5 9. g5 Nd7 10. h4 Ndc5 11. f3 Bd7 12. Qd2 c6 13. O-O-O cxd5 14. Nxd5 O-O 15. Kb1 Rc8 16. Nh3 Ba4 17. b3 Bc6 18.
Nf2 Bxd5 19. Qxd5 Rc6 20. Bxc5 Nxc5 21. Nd3 Ne6 22. Nb2 Nd4 23. Bd3 Qc7 24. Na4 Rd8 25.
Bc2 Rc5 26. Nxc5 dxc5 27. Qxd8+ Qxd8 28. Kb2 Bf8 29. Rhf1 Bd6 30. Rd3 Qb6 31. a4 Qb4 32.
Rfd1 Be7 33. Rg1 Kg7 34. Rdd1 Qb6 35. Rd3 Qe6 36. Rh1 f6 37. gxf6+ Bxf6 38. Rd2 Qe7 39.
Rg2 Bxh4 40. f4 exf4 41. e5 Bg3 0-1

[Event "Late-Titled-Tuesday-Blitz-June-25-2024"]
[Site "Chess.com"]
[Date "2024.06.25"]
[Round "1"]
[White "vanyakuba"]
[Black "MarcoRiehle"]
[Result "0-1"]
[WhiteElo "2463"]
[BlackElo "2811"]
[TimeControl "180+1"]
[EndTime "14:06:28 PDT"]
[Termination "MarcoRiehle won on time"]

1. e4 e5 2. Nf3 Nf6 3. Nc3 Nc6 4. g3 Bc5 5. Bg2 d6 6. h3 h5 7. d3 a5 8. Bg5 Be6 9. Nd5 Bxd5 10. exd5 Ne7 11. c4 Qd7 12. a3 Nf5 13. Qd2 Nd4 14.
Nxd4 Bxd4 15. O-O Nh7 16. Be3 Bxe3 17. fxe3 O-O 18. b4 axb4 19. axb4 Nf6 20. Kh2 Ra4 21.
Qb2 Rfa8 22. d4 exd4 23. exd4 b6 24. c5 Qb5 25. Rxa4 Rxa4 26. Rxf6 gxf6 27. Qf2 Qxb4 28.
Qxf6 Qxd4 29. Qd8+ Kg7 30. cxd6 cxd6 31. Qg5+ Kf8 32. Qd8+ Kg7 33. Qg5+ Kh7 34. Qxh5+ Kg8 35. Qg5+ Qg7 36. Qd8+ Kh7 37. Qxd6 Ra2 38. h4 Qb2 0-1

[Event "Late-Titled-Tuesday-Blitz-June-25-2024"]
[Site "Chess.com"]
[Date "2024.06.25"]
[Round "1"]
[White "KebabJangles"]
[Black "Patricius007"]
[Result "0-1"]
[WhiteElo "2217"]
[BlackElo "2584"]
[TimeControl "180+1"]
[EndTime "14:06:28 PDT"]
[Termination "Patricius007 won by checkmate"]

1. d4 d5 2. c4 e6 3. Nf3 c5 4. cxd5 exd5 5. g3 Nf6 6. Bg2 Nc6 7. O-O Be7 8. dxc5 Bxc5 9. a3 Ne4 10. b4 Be7 11. Bb2 Bf6 12. Qc2 O-O 13. Rd1 Be6 14. Nc3 Nxc3 15. Bxc3 Rc8 16. Bxf6 Qxf6 17. Qd2 Rfd8 18.
Rac1 h6 19. h3 a6 20. e3 g6 21. Nd4 Ne5 22. Nb3 Nc4 23. Qd4 Qxd4 24. Nxd4 Nxa3 25. Ra1 Nc4 26. b5 a5 27. Bf1 b6 28. Bd3 Ne5 29.
Be2 Bxh3 30. f4 Nc4 31. Bxc4 dxc4 32. Nc6 Rxd1+ 33. Rxd1 Kg7 34. Rd4 Be6 35. Rd2 h5 36. Kf2 Ra8 37. Ra2 Bd5 38. Ne7 Be4 39. Ke2 c3 40.
Nc6 Bxc6 41. bxc6 Rc8 42. Kd3 Rxc6 43. e4 Kf6 44. e5+ Kf5 45. Ra3 Kg4 46. Rxc3 Rxc3+ 47.
Kxc3 Kxg3 48. Kc4 Kxf4 49. Kb5 Kxe5 50. Kxb6 a4 51. Ka5 a3 52. Kb6 a2 53. Kc7 a1=Q 54.
Kd7 f5 55. Ke7 f4 56. Kf7 f3 57. Kg7 f2 58. Kg8 g5 59. Kh7 g4 60. Kg8 g3 61.
Kg7 g2 62. Kh7 h4 63. Kg8 h3 64. Kg7 h2 65. Kg8 g1=Q+ 66. Kh8 h1=Q# 0-1

[Event "Late-Titled-Tuesday-Blitz-June-25-2024"]
[Site "Chess.com"]
[Date "2024.06.25"]
[Round "1"]
[White "Necromon"]
[Black "GoValya"]
[Result "0-1"]
[WhiteElo "2554"]
[BlackElo "2214"]
[TimeControl "180+1"]
[EndTime "14:06:28 PDT"]
[Termination "GoValya won by resignation"]

1. Nf3 g6 2. e4 Bg7 3. d4 d6 4. Bd3 Nd7 5. O-O a6 6. c3 e5 7.
Nbd2 Ne7 8. Re1 O-O 9. Nf1 b5 10. a4 Rb8 11. axb5 axb5 12. b4 c5 13. bxc5 dxc5 14. d5 c4 15. Bb1 Nc5 16. Ba3 Nb3 17. Ra2 Bg4 18. Ne3 Bxf3 19. Qxf3 Re8 20. Bb4 Nc8 21. Bc2 Nd6 22. Bxb3 cxb3 23. Rb2 Ra8 24. Rxb3 Ra4 25. Bxd6 Qxd6 26. Rxb5 Rea8 27. c4 Ra1 28. Rf1 Rxf1+ 29. Nxf1 Ra3 30. Qd1 Qa6 31. g3 Ra1 32. Qc2 Bf8 33. Rb2 Qa5 34. Kg2 Qe1 35. Qe2 Qc3 36. Rc2 Qb4 37. Ne3 Bc5 38. h4 Bxe3 39. Qxe3 Qb1 40. Kh3 Qxc2 41. c5 f5 42. exf5 Qxf5+ 43. g4 Qb1 44. Qxe5 Qh1+ 45. Kg3 Rg1+ 46. Kf4 Qh2+ 47. Ke4 Re1+ 0-1

[Event "Late-Titled-Tuesday-Blitz-June-25-2024"]
[Site "Chess.com"]
[Date "2024.06.25"]
[Round "1"]
[White "Artyom_ChessMate"]
[Black "shirovin"]
[Result "1/2-1/2"]
[WhiteElo "2542"]
[BlackElo "2115"]
[TimeControl "180+1"]
[EndTime "14:06:28 PDT"]
[Termination "Game drawn by repetition"]

1. e4 c5 2. Nc3 d6 3. f4 Nc6 4. Nf3 g6 5. Bc4 Bg7 6. O-O e6 7. f5 gxf5 8. d3 Nge7 9. Qe1 O-O 10. Bg5 f6 11. Bf4 d5 12. exd5 exd5 13. Bb3 Na5 14. Qg3 Nxb3 15. axb3 Ng6 16. Rae1 d4 17. Ne2 Bd7 18. h4 Bc6 19. h5 Nxf4 20. Nxf4 Qc7 21. h6 Rf7 22. hxg7 Rxg7 23. Qh4 Rg4 24. Qxf6 Qxf4 25.
Qe6+ Kh8 26. Qf6+ Kg8 27. Nh4 Qg3 28. Qe6+ Kh8 29. Qf6+ Kg8 30. Qe6+ Kh8 31. Qf6+ Kg8 1/2-1/2

[Event "Late-Titled-Tuesday-Blitz-June-25-2024"]
[Site "Chess.com"]
[Date "2024.06.25"]
[Round "1"]
[White "anasta10"]
[Black "Big_Finky"]
[Result "1/2-1/2"]
[WhiteElo "2623"]
[BlackElo "2341"]
[TimeControl "180+1"]
[EndTime "14:06:29 PDT"]
[Termination "Game drawn by repetition"]

1. Nf3 Nf6 2. c4 g6 3. Nc3 Bg7 4. b3 O-O 5. Bb2 c6 6. g3 d5 7. cxd5 cxd5 8. Bg2 Nc6 9. O-O e5 10. d3 d4 11. Nb1 Bf5 12. Nbd2 Rc8 13. Rc1 Re8 14. Nc4 e4 15. dxe4 Nxe4 16. Nh4 Nc3 17. Bxc3 dxc3 18. Nxf5 gxf5 19. Nd6 Rxe2 20. Nxc8 Rd2 21.
Qf3 Qxc8 22. Rxc3 Bxc3 23. Qxc3 Rxa2 24. Re1 Qd8 25. Bxc6 bxc6 26. Qxc6 Qb6 27. Re8+ Kg7 28.
Qc3+ Kh6 29. Qf3 Qd4 30. Kg2 f4 31. Re4 Rxf2+ 32. Qxf2 Qxe4+ 33. Kh3 Qf5+ 34. Kg2 Qe4+ 35. Kh3 Qf5+ 36. Kg2 Qd5+ 37. Kh3 Qf5+ 1/2-1/2

[Event "Late-Titled-Tuesday-Blitz-June-25-2024"]
[Site "Chess.com"]
[Date "2024.06.25"]
[Round "1"]
[White "CFalcons8"]
[Black "SaraBlackPanther"]
[Result "0-1"]
[WhiteElo "2433"]
[BlackElo "2733"]
[TimeControl "180+1"]
[EndTime "14:06:30 PDT"]
[Termination "SaraBlackPanther won by resignation"]

1. d4 Nf6 2. c4 g6 3. Nc3 Bg7 4. e4 d6 5. h3 O-O 6. Be3 Nc6 7. d5 Ne5 8. f4 Ned7 9. g4 e6 10. Qc2 exd5 11. cxd5 c6 12. dxc6 bxc6 13. O-O-O d5 14. exd5 Nxd5 15. Nxd5 cxd5 16. Kb1 Bb7 17. Bg2 Rc8 18.
Qf2 Nb6 19. Nf3 Nc4 20. Bd4 Re8 21. Rhe1 Qa5 22. Rxe8+ Rxe8 23. Bxg7 Kxg7 24. Qd4+ Kg8 25. Ne5 Nxe5 26. fxe5 Qc7 27. Bxd5 Bxd5 28. Qxd5 Rxe5 29. Qd8+ Qxd8 30. Rxd8+ Kg7 31. Rd7 a5 32. Rd3 h5 33.
a3 h4 34. Kc2 g5 35. b4 a4 36. Kc3 f5 37. gxf5 Kf6 38. Kc4 Re2 39. Kb5 Rg2 40.
Kxa4 Rg3 41. Rd5 Rxh3 42. Kb5 Rxa3 43. Kb6 h3 44. b5 g4 45. Kb7 h2 0-1

[Event "Late-Titled-Tuesday-Blitz-June-25-2024"]
[Site "Chess.com"]
[Date "2024.06.25"]
[Round "1"]
[White "RantomOpening"]
[Black "cakeuvdort"]
[Result "0-1"]
[WhiteElo "2595"]
[BlackElo "2318"]
[TimeControl "180+1"]
[EndTime "14:06:30 PDT"]
[Termination "cakeuvdort won by checkmate"]

1. d4 Nf6 2. Nf3 c5 3. e3 d5 4. b3 Bg4 5. Bd3 Nc6 6. Bb2 e6 7. Nbd2 cxd4 8. exd4 Be7 9. O-O O-O 10. h3 Bh5 11. a3 Rc8 12. Rc1 Qa5 13. b4 Qb6 14.
c3 Rfd8 15. Be2 a5 16. Re1 axb4 17. axb4 Bd6 18. Ne5 Bxe2 19. Qxe2 Bxe5 20. dxe5 Nd7 21. Nf3 Na7 22. Nd4 Rc4 23. f4 Nb5 24. Red1 Rdc8 25. Qf2 Nxd4 26. cxd4 Qxb4 27. Rb1 Rc2 28. Ba1 Rxf2 29.
Rxb4 Rcc2 30. Rxb7 Rxg2+ 31. Kh1 Rh2+ 32. Kg1 Rcg2+ 33.
Kf1 Nf8 34. Rb8 Rf2+ 35. Kg1 Rfg2+ 36. Kf1 Ra2 37. Bc3 Rh1# 0-1

[Event "Late-Titled-Tuesday-Blitz-June-25-2024"]
[Site "Chess.com"]
[Date "2024.06.25"]
[Round "1"]
[White "alexrustemov"]
[Black "szachmistrz2500"]
[Result "1-0"]
[WhiteElo "2846"]
[BlackElo "2483"]
[TimeControl "180+1"]
[EndTime "14:06:32 PDT"]
[Termination "alexrustemov won by resignation"]

1. d4 Nf6 2. c4 e6 3. Nf3 d5 4. cxd5 exd5 5. Nc3 c6 6. Bf4 Bd6 7. Bxd6 Qxd6 8. Qb3 O-O 9. e3 Re8 10. Bd3 Nbd7 11. O-O Nf8 12. h3 Ng6 13. Qc2 Bd7 14. Rab1 Qe7 15. b4 a6 16. Na4 Ne4 17. Nc5 Bf5 18.
a4 Rab8 19. Rfc1 Nh4 20. Nxh4 Qxh4 21. Nxe4 dxe4 22. Bf1 Re6 23. b5 axb5 24. axb5 Rbe8 25. bxc6 bxc6 26. Kh2 g5 27. Rb6 Ra8 28. g3 Qh5 29.
Rxc6 Rxc6 30. Qxc6 Rc8 31. Qxc8+ Bxc8 32. Rxc8+ Kg7 33.
Rc1 Qf3 34. Kg1 f5 35. Re1 Qh5 36. Bg2 Kf6 37. Kh2 g4 38. h4 Qf7 39. Bf1 Qa2 40.
Kg1 Qb2 41. Rd1 Ke6 42. d5+ Kd6 43. Rd4 Qb1 44. Kg2 Qd1 45. Rxd1 1-0

[Event "Late-Titled-Tuesday-Blitz-June-25-2024"]
[Site "Chess.com"]
[Date "2024.06.25"]
[Round "1"]
[White "AlexOstrovskiy"]
[Black "Engima32"]
[Result "1-0"]
[WhiteElo "2718"]
[BlackElo "2425"]
[TimeControl "180+1"]
[EndTime "14:06:32 PDT"]
[Termination "AlexOstrovskiy won by checkmate"]

1. e4 c5 2. Nc3 g6 3. d4 Bg7 4. dxc5 Nc6 5. Bd2 Nf6 6. Nf3 O-O 7. Bc4 Qa5 8. Nb5 Qd8 9. Qe2 a6 10. Nc3 Qa5 11. Nd5 Qxc5 12. O-O b5 13. Bb3 Bb7 14.
Be3 Qd6 15. Bf4 e5 16. Nxf6+ Qxf6 17. Bg5 Qd6 18. Rad1 Qc7 19. c3 h6 20. Be3 Rad8 21. h3 Na5 22. Bd5 Bxd5 23. Rxd5 f5 24. Rfd1 Nc4 25.
Nd2 Nxb2 26. Rb1 Na4 27. Rc1 f4 28. Qg4 fxe3 29. fxe3 Nxc3 30. Kh2 Qa5 31. Rd3 b4 32. Qxg6 Rf2 33. Rd6 Qxa2 34. Nf3 Rf8 35. Nh4 Qf7 36. Qg4 Qe7 37. Rg6 R8f6 38. Nf5 Qf7 39. Rxg7+ Kf8 40.
Rxf7+ Kxf7 41. Qg7+ Ke8 42. Qe7# 1-0

[Event "Late-Titled-Tuesday-Blitz-June-25-2024"]
[Site "Chess.com"]
[Date "2024.06.25"]
[Round "1"]
[White "secretworker2027"]
[Black "ferdipy"]
[Result "1-0"]
[WhiteElo "2641"]
[BlackElo "2349"]
[TimeControl "180+1"]
[EndTime "14:06:33 PDT"]
[Termination "secretworker2027 won by resignation"]

1. e4 e6 2. d4 d5 3. e5 c5 4. c3 Nc6 5. Nf3 Qb6 6. Bd3 cxd4 7. O-O Bd7 8. cxd4 Nxd4 9. Nbd2 Nxf3+ 10. Nxf3 Bc5 11.
b4 Qxb4 12. Rb1 Qa5 13. Rxb7 Bc6 14. Bd2 Qd8 15. Rb1 Ne7 16. Ng5 Ng6 17. Qc2 Qe7 18. Bxg6 hxg6 19. Rbc1 Bb5 20. Qxc5 Qxc5 21. Rxc5 Bxf1 22.
Kxf1 O-O 23. Rc7 Rac8 24. Rxa7 Ra8 25. Rd7 Rxa2 26. Be3 Ra1+ 27. Ke2 Raa8 28. h4 Rad8 29. Rd6 Rxd6 30. exd6 Rd8 31. Bc5 Rd7 32. Nf3 f6 33.
Nd4 Kf7 34. Nc6 e5 35. Nb8 Rd8 36. Na6 Ke6 37. Nc7+ Kd7 38. Nxd5 Kc6 39. Nc7 Rb8 40.
Ba3 Rb3 41. Bc5 Rc3 42. Ne6 Kd7 43. Nf8+ Ke8 44. d7+ Kd8 45. Bb6+ 1-0

[Event "Late-Titled-Tuesday-Blitz-June-25-2024"]
[Site "Chess.com"]
[Date "2024.06.25"]
[Round "1"]
[White "kasparicy"]
[Black "artin10862"]
[Result "0-1"]
[WhiteElo "2494"]
[BlackElo "2902"]
[TimeControl "180+1"]
[EndTime "14:06:35 PDT"]
[Termination "artin10862 won by resignation"]

1. e4 d5 2. exd5 Qxd5 3. Nf3 Bg4 4. Be2 Nc6 5. d4 O-O-O 6. Be3 Qh5 7. c4 e5 8. d5 e4 9. Nd4 Bxe2 10. Nxe2 Ne5 11.
O-O Nxc4 12. Nbc3 Bd6 13. g3 Nxe3 14. fxe3 Nf6 15. Qa4 Ng4 16. h4 Nxe3 17. Qxa7 Nxf1 18. Rxf1 f5 19. Qa8+ Kd7 20. Qxb7 Rb8 21. Qc6+ Ke7 22. Nd4 Rhf8 23. Ne6 Qg4 24. Rf2 Qxg3+ 25. Kf1 Qd3+ 26. Kg1 Qg3+ 27. Kf1 e3 28. Rg2 Qf3+ 29. Kg1 g6 30.
Nxf8 Kxf8 31. Ne2 Rxb2 32. Qa8+ Kg7 33. Qe8 Rb1+ 0-1

[Event "Late-Titled-Tuesday-Blitz-June-25-2024"]
[Site "Chess.com"]
[Date "2024.06.25"]
[Round "1"]
[White "EddieUrquhart"]
[Black "LastGladiator1"]
[Result "0-1"]
[WhiteElo "2506"]
[BlackElo "2981"]
[TimeControl "180+1"]
[EndTime "14:06:37 PDT"]
[Termination "LastGladiator1 won by resignation"]

1. e4 e5 2. Nf3 Nc6 3. d4 exd4 4. Bc4 Bc5 5. c3 Nf6 6. e5 d5 7. Bb5 Ne4 8. cxd4 Bb6 9. h3 O-O 10. O-O f6 11. Bxc6 bxc6 12. Be3 f5 13. Nc3 f4 14.
Bc1 g5 15. Nh2 Bf5 16. Ng4 Kg7 17. Nxe4 dxe4 18. Nf6 Qxd4 19. Qh5 h6 20. h4 Bg6 21.
Qg4 Qxe5 22. hxg5 hxg5 23. Nd7 Qf5 24. Qxf5 Rxf5 25. Nxb6 axb6 26. Bd2 Rd5 27. Bc3+ Kf7 28. a3 Ke6 29. Rfe1 Rad8 30. Rac1 c5 31. b4 cxb4 32. axb4 c6 33. Bg7 Rc8 34. g3 Kf5 35. Kg2 Bh5 36. Rg1 Bf3+ 37. Kf1 Rcd8 38. Ke1 Rd1+ 0-1

[Event "Late-Titled-Tuesday-Blitz-June-25-2024"]
[Site "Chess.com"]
[Date "2024.06.25"]
[Round "1"]
[White "Dr_troll"]
[Black "EternalNight8"]
[Result "1-0"]
[WhiteElo "2672"]
[BlackElo "2385"]
[TimeControl "180+1"]
[EndTime "14:06:38 PDT"]
[Termination "Dr_troll won by resignation"]

1. c4 e5 2. Nc3 Bb4 3. g3 Nf6 4. Bg2 Bxc3 5. bxc3 O-O 6. Nf3 e4 7. Nd4 c5 8. Nb3 d6 9. O-O Nc6 10. d4 exd3 11. exd3 Be6 12. Rb1 Rc8 13. Bg5 h6 14.
Bf4 b6 15. Nd2 d5 16. Re1 dxc4 17. Nxc4 Nd5 18. Bd2 Qf6 19. Qc2 Rfd8 20. a4 Bf5 21. Be4 Bxe4 22. dxe4 Nc7 23. Rbd1 Qe7 24. Bf4 Rxd1 25.
Rxd1 Ne6 26. Bd6 Qf6 27. e5 Qg6 28. Qxg6 fxg6 29. f4 Kf7 30. Kf2 g5 31. f5 Nc7 32.
Ke3 Ne8 33. Ke4 Rd8 34. g4 Nxd6+ 35. Nxd6+ Ke7 36. Kd5 Nb8 37. Re1 Nd7 38. Kc6 h5 39. h3 hxg4 40. hxg4 Rh8 41. f6+ gxf6 42. exf6+ Kxf6 43. Kxd7 Rh4 44. Re6+ Kg7 45. Nf5+ 1-0

[Event "Late-Titled-Tuesday-Blitz-June-25-2024"]
[Site "Chess.com"]
[Date "2024.06.25"]
[Round "1"]
[White "burbur555"]
[Black "laskakid"]
[Result "1-0"]
[WhiteElo "2701"]
[BlackElo "2403"]
[TimeControl "180+1"]
[EndTime "14:06:40 PDT"]
[Termination "burbur555 won on time"]

1. d4 f5 2. g3 Nf6 3. Bg2 g6 4. c3 Bg7 5. Qb3 Nc6 6. Nf3 e6 7.
Nbd2 O-O 8. O-O d6 9. Re1 d5 10. Qc2 Ne4 11. Nf1 g5 12. N3d2 Nd6 13. e3 Ne7 14. f3 Ng6 15. e4 c6 16. exf5 exf5 17. Nb3 f4 18. g4 Nh4 19. h3 Bd7 20. Nc5 Be8 21. Ne6 Bg6 22. Qf2 Qd7 23. Nxf8 Rxf8 24. Nd2 h5 25. Nb3 b6 26. Bd2 hxg4 27. hxg4 Bf7 28.
Nc1 Be6 29. Nd3 Nc4 30. b3 Nxd2 31. Qxd2 Bxg4 32. Ne5 Bxe5 33. Rxe5 Bxf3 34. Rxg5+ Kh7 35. Qf2 Nxg2 36. Qxf3 1-0

[Event "Late-Titled-Tuesday-Blitz-June-25-2024"]
[Site "Chess.com"]
[Date "2024.06.25"]
[Round "1"]
[White "Hananmo"]
[Black "MoldyTofu"]
[Result "1-0"]
[WhiteElo "2544"]
[BlackElo "2024"]
[TimeControl "180+1"]
[EndTime "14:06:41 PDT"]
[Termination "Hananmo won by resignation"]

1. e4 e6 2. Qe2 d5 3. exd5 Qxd5 4. Nc3 Qd8 5. g3 Nf6 6. Bg2 Nc6 7. Nf3 Bd6 8. O-O O-O 9. d4 Rb8 10. Bd2 b6 11.
Rfe1 Bb7 12. Rad1 Ne7 13. Ne5 Bxg2 14. Kxg2 Nfd5 15. Ne4 Rc8 16. c4 Nb4 17. Nxd6 Qxd6 18. a3 Nbc6 19. Bc3 Nxe5 20. dxe5 Qc6+ 21. Kg1 Rfd8 22.
h4 Qe8 23. h5 Rxd1 24. Rxd1 Rd8 25. h6 Rxd1+ 26. Qxd1 gxh6 27. Qh5 Qc6 28. Qxh6 Qxc4 29.
Bd2 Qg4 30. Bg5 Nf5 31. Qf6 Qd1+ 32. Kh2 Qh5+ 33. Kg2 Qg6 34. Qd8+ Kg7 35. Bf6+ Kh6 36. Qd2+ Kh5 37. Qf4 Qg4 38. Qxg4+ Kxg4 39. f3+ Kh5 40. g4+ Kg6 41. gxf5+ Kxf5 42. Kg3 c5 43. f4 b5 44.
Kf3 a5 45. Be7 c4 46. Bd8 a4 47. Ba5 h5 48. Be1 Kg6 49. Ke4 Kh6 50. f5 exf5+ 51. Kxf5 1-0

[Event "Late-Titled-Tuesday-Blitz-June-25-2024"]
[Site "Chess.com"]
[Date "2024.06.25"]
[Round "1"]
[White "SpeedofLight0"]
[Black "subham777"]
[Result "1-0"]
[WhiteElo "3149"]
[BlackElo "2531"]
[TimeControl "180+1"]
[EndTime "14:06:42 PDT"]
[Termination "SpeedofLight0 won on time"]

1. d4 d5 2. Nc3 Nf6 3. Bf4 a6 4. e3 e6 5. g4 Bb4 6. Bd3 c5 7.
g5 Nfd7 8. Nf3 Nc6 9. h4 Qb6 10. a3 Ba5 11. b4 cxb4 12. Na4 Qa7 13. axb4 Nxb4 14. O-O Nxd3 15. Qxd3 O-O 16. h5 f6 17. h6 g6 18. Bd6 Re8 19. Nc5 Nxc5 20. dxc5 Bd8 21. Qd4 e5 22. Qxd5+ Be6 23. Qe4 Bf5 24.
Qc4+ Be6 25. Qc3 b5 26. Rfd1 Bg4 27. e4 Qf7 28. Rd3 Qc4 29. Qxc4+ bxc4 30. Rda3 Bxf3 31. Rxf3 fxg5 32. Rb1 Be7 33. Rb7 Bf8 34. Rxf8+ Rxf8 35. Rg7+ Kh8 36. Bxe5 Rae8 37. Bc3 1-0

[Event "Late-Titled-Tuesday-Blitz-June-25-2024"]
[Site "Chess.com"]
[Date "2024.06.25"]
[Round "1"]
[White "Sanan_Sjugirov"]
[Black "ybothg"]
[Result "1-0"]
[WhiteElo "3013"]
[BlackElo "2513"]
[TimeControl "180+1"]
[EndTime "14:06:42 PDT"]
[Termination "Sanan_Sjugirov won by resignation"]

1. e4 c5 2. Nf3 e6 3. d4 cxd4 4. Nxd4 Nf6 5. Nc3 Nc6 6. Ndb5 Bb4 7. a3 Bxc3+ 8. Nxc3 d5 9. Bd3 O-O 10. O-O d4 11. Ne2 e5 12. Ng3 Re8 13. h3 Be6 14. f4 exf4 15. Bxf4 Qb6 16. b4 a5 17.
b5 Ne7 18. Bd2 Ng6 19. Rxf6 gxf6 20. Nh5 Bd7 21. Qf3 Re6 22. Rf1 Bxb5 23. Rb1 Bxd3 24. Rxb6 Bxe4 25. Nxf6+ Kh8 26. Qb3 Bc6 27. Nh5 Rae8 28. Qc4 Ne5 29. Qxd4 Rg6 30. Rxc6 bxc6 31. Bf4 f6 32. Bxe5 fxe5 33. Qd7 Reg8 34. g4 h6 35. Qe7 Rg5 36. Nf6 R5g7 37. Qxe5 Re8 38. Nxe8 1-0

[Event "Late-Titled-Tuesday-Blitz-June-25-2024"]
[Site "Chess.com"]
[Date "2024.06.25"]
[Round "1"]
[White "chrisclaireredfield"]
[Black "Chessmissile07"]
[Result "0-1"]
[WhiteElo "2480"]
[BlackElo "2842"]
[TimeControl "180+1"]
[EndTime "14:06:44 PDT"]
[Termination "Chessmissile07 won by resignation"]

1. Nf3 a6 2. e4 c5 3. c3 Nf6 4.
e5 Nd5 5. d4 cxd4 6. cxd4 Nc6 7. Nc3 Nxc3 8. bxc3 d6 9. exd6 e6 10. Bd3 Bxd6 11. O-O h6 12. Qe2 Bd7 13. d5 Ne7 14. c4 exd5 15. cxd5 O-O 16. Bb2 Re8 17. Qe4 Bf5 18.
Qd4 f6 19. Rfe1 Qd7 20. Bc4 Kh8 21. h3 Rac8 22. Bb3 Bxh3 23. gxh3 Qxh3 24. Qe4 Nf5 25. Qxe8+ Rxe8 26. Rxe8+ Kh7 27. Bd1 Nh4 28. Bc2+ f5 29.
Bxf5+ Nxf5 30. Ne5 Nh4 0-1

[Event "Late-Titled-Tuesday-Blitz-June-25-2024"]
[Site "Chess.com"]
[Date "2024.06.25"]
[Round "1"]
[White "albi1999"]
[Black "Supergiuly"]
[Result "1-0"]
[WhiteElo "2647"]
[BlackElo "2359"]
[TimeControl "180+1"]
[EndTime "14:06:45 PDT"]
[Termination "albi1999 won by resignation"]

1. Nf3 c5 2. g3 Nc6 3. Bg2 d5 4. O-O e5 5. c4 d4 6. d3 Nf6 7. e3 Bd6 8. exd4 exd4 9. Re1+ Ne7 10.
Bg5 Nd7 11. Nbd2 f6 12. Ne4 Ne5 13. Nxe5 Bxe5 14. Nxc5 O-O 15. Bd2 Qb6 16. b4 Nc6 17.
Rb1 Bf5 18. Bd5+ Kh8 19. Qf3 Bg6 20. Nd7 Qc7 21. Nxf8 Rxf8 22. b5 Ne7 23. Bxb7 Bxd3 24. Qxd3 Qxb7 25. Bb4 Re8 26. Bxe7 Rxe7 27. c5 Qd5 28. f4 Qxc5 29. fxe5 fxe5 30. Rbc1 Qd5 31. Rc8+ 1-0

[Event "Late-Titled-Tuesday-Blitz-June-25-2024"]
[Site "Chess.com"]
[Date "2024.06.25"]
[Round "1"]
[White "JackRodgers"]
[Black "dropstoneDP"]
[Result "1/2-1/2"]
[WhiteElo "2524"]
[BlackElo "3023"]
[TimeControl "180+1"]
[EndTime "14:06:47 PDT"]
[Termination "Game drawn by repetition"]

1. d4 d5 2. Bg5 h6 3. Bh4 c6 4. e3 Qb6 5. Qc1 e5 6. Nf3 exd4 7.
exd4 Be7 8. Bxe7 Nxe7 9. Bd3 O-O 10. O-O Bf5 11. Bxf5 Nxf5 12. c3 Qc7 13. Re1 Nd7 14. Nbd2 Rfe8 15. Nf1 Rxe1 16. Qxe1 Nd6 17. Ng3 Re8 18.
Qf1 Qb6 19. b3 Qa5 20. Qd3 Ne4 21. Ne2 Qa3 22. Qc2 Qd6 23. Re1 Re7 24. Kf1 Nf8 25. Ng3 Nxg3+ 26. hxg3 Rxe1+ 27. Kxe1 Ne6 28. b4 a5 29. a3 axb4 30. axb4 Qe7 31. Kf1 Ng5 32. Nxg5 Qxg5 33. Ke2 h5 34. Qd3 Kf8 35. b5 Qc1 36. bxc6 bxc6 37. Qd2 Qb1 38. Qf4 Qc2+ 39. Qd2 Qe4+ 40.
Kf1 f6 41. f3 Qb1+ 42. Kf2 Kf7 43. Qe2 g5 44. f4 Kg6 45. Qe8+ Kg7 46. Qe7+ Kg6 47. Qe8+ Kg7 48. Qe7+ Kg6 49. Qe8+ 1/2-1/2